Map: [ESL] Alcyone

Players

herO

  • Race: Protoss Protoss
  • Spawn Location: 7:00

MaNa - Winner!

  • Race: Protoss Protoss
  • Spawn Location: 1:00

Event: ESL SC2 Masters 2023 Winter (Finals)

VOD

Have the link to the VOD?

Description

Time

  • Played on: Dec. 15, 2023, 11:09 a.m.
  • Length: 8:14

All games in this series

Show
View Real Time Build Order
Export as new Build Order

herO Protoss 

Build Orders: 1 Gate Expand, Oracle Opening, Blink Stalkers 

Get SALT Encoding   

  12  0:00  Probe  
  13  0:12  Probe  
  14  0:17  Pylon  
  14  0:24  Probe (Chrono Boost)  
  15  0:36  Probe (Chrono Boost)  
  15  0:38  Gateway  
  16  0:44  Probe (Chrono Boost)  
  16  0:47  Assimilator  
  17  0:50  Probe  
  18  1:03  Probe  
  19  1:15  Probe  
  20  1:23  Nexus  
  20  1:33  Cybernetics Core  
  20  1:36  Probe  
  21  1:42  Assimilator  
  21  1:48  Probe  
  21  1:53  Pylon  
  22  2:00  Probe  
  23  2:11  Stalker  
  23  2:12  Probe  
  26  2:19  Stargate  
  26  2:25  Probe  
  26  2:26  Warp Gate  
  27  2:40  Shield Battery  
  27  2:41  Stalker  
  27  2:42  Probe  
  30  2:54  Probe  
  32  2:59  Shield Battery  
  32  3:04  Oracle (Chrono Boost)  
  31  3:08  Probe (Chrono Boost)  
  31  3:09  Probe (Chrono Boost)  
  37  3:20  Probe (Chrono Boost)  
  37  3:21  Stalker, Probe (Chrono Boost)  
  39  3:27  Probe x2 (Chrono Boost)  
  39  3:32  Twilight Council  
  41  3:35  Pylon  
  41  3:38  Probe  
  41  3:39  Probe  
  43  3:46  Gateway  
  43  3:50  Probe  
  43  3:51  Probe  
  45  3:59  Blink (Chrono Boost)  
  45  4:02  Probe  
  45  4:03  Probe  
  45  4:07  Gateway  
  47  4:11  Gateway  
  47  4:16  Stalker  
  49  4:17  Probe  
  49  4:22  Probe  
  51  4:32  Probe  
  51  4:35  Pylon  
  53  4:39  Pylon  
  53  4:40  Pylon  
  53  4:41  Assimilator  
  53  4:42  Stalker  
  53  4:45  Probe  
  52  4:47  Stalker  
  54  4:57  Probe  
  55  5:00  Nexus  
  55  5:08  Stalker x3  
  55  5:10  Stalker  
  55  5:11  Probe  
  55  5:12  Probe  
  65  5:19  Pylon  
  65  5:23  Probe  
  65  5:27  Gateway  
  64  5:40  Stalker x4  
  49  6:09  Stalker x4  
  47  6:30  Stalker  
  45  6:33  Zealot x3, Stalker  
  49  6:54  Stalker x3  
  49  6:58  Stalker  
  43  7:18  Stalker x3  
  47  7:23  Stalker  
  47  7:26  Probe  
  39  7:39  Stalker  
  39  7:42  Stalker  
  39  7:43  Stalker  
  42  7:56  Stalker x2  
  46  8:02  Stalker  
Show
View Real Time Build Order
Export as new Build Order

MaNa Protoss - Winner!

Build Orders: Blink Stalkers 

Get SALT Encoding   

  12  0:00  Probe  
  13  0:12  Probe  
  14  0:17  Pylon  
  14  0:24  Probe (Chrono Boost)  
  15  0:36  Probe (Chrono Boost)  
  15  0:37  Gateway  
  16  0:44  Probe (Chrono Boost)  
  16  0:47  Assimilator  
  17  0:50  Probe  
  17  0:54  Assimilator  
  18  1:03  Probe (Chrono Boost)  
  19  1:08  Gateway  
  19  1:13  Probe (Chrono Boost)  
  19  1:18  Probe (Chrono Boost)  
  20  1:25  Cybernetics Core  
  21  1:29  Probe  
  22  1:41  Probe  
  22  1:44  Pylon  
  23  2:01  Sentry, Warp Gate  
  23  2:02  Probe, Stalker  
  28  2:09  Pylon  
  28  2:14  Probe  
  29  2:26  Probe  
  30  2:41  Nexus  
  30  2:43  Probe  
  31  2:46  Sentry  
  31  2:48  Sentry  
  35  2:55  Probe (Chrono Boost)  
  35  3:05  Twilight Council, Probe (Chrono Boost)  
  36  3:09  Probe (Chrono Boost)  
  37  3:21  Probe  
  38  3:27  Pylon  
  38  3:33  Probe  
  39  3:39  Blink (Chrono Boost)  
  39  3:45  Probe  
  40  3:52  Stalker x2  
  44  3:58  Probe  
  45  4:04  Probe  
  46  4:14  Nexus  
  45  4:19  Probe (Chrono Boost)  
  45  4:24  Probe (Chrono Boost)  
  45  4:28  Adept x2  
  45  4:30  Probe (Chrono Boost)  
  50  4:34  Probe (Chrono Boost)  
  51  4:44  Stalker x2  
  51  4:46  Gateway  
  51  4:47  Gateway, Probe  
  51  4:48  Probe  
  53  4:53  Shield Battery  
  53  4:59  Probe (Chrono Boost)  
  54  5:00  Robotics Facility  
  55  5:08  Stalker, Probe (Chrono Boost)  
  55  5:10  Stalker  
  59  5:16  Probe (Chrono Boost)  
  59  5:18  Probe  
  59  5:21  Pylon  
  61  5:25  Pylon  
  61  5:26  Probe  
  61  5:27  Probe  
  61  5:35  Stalker  
  61  5:36  Stalker  
  63  5:47  Stalker x2  
  67  5:55  Probe x3  
  68  5:58  Stalker x2  
  68  6:00  Warp Prism (Chrono Boost)  
  70  6:10  Stalker x2  
  66  6:14  Probe  
  66  6:17  Probe x2  
  66  6:27  Stalker x2  
  66  6:31  Immortal (Chrono Boost)  
  68  6:35  Stalker  
  70  6:41  Probe x2  
  70  6:42  Probe  
  69  6:50  Zealot x2, Stalker  
  72  6:58  Gateway  
  72  6:59  Shield Battery, Stalker  
  65  7:17  Stalker x3  
  65  7:18  Probe  
  65  7:22  Probe x2  
  70  7:23  Stalker  
  68  7:30  Probe  
  68  7:34  Warp Prism (Chrono Boost)  
  68  7:35  Probe x2  
  69  7:42  Probe  
  72  7:48  Adept  
  72  7:49  Adept  
  72  7:50  Stalker x2  
  80  7:56  Probe x2  
  80  8:00  Assimilator, Stalker  
  80  8:02  Shield Battery  
  83  8:12  Stalker  
Tags
 
Add a new tag
Caveats
  • Supply blocks, unpowered buildings, or Contaminate may cause inaccurate times.
  • Supply counts are checked every 10 seconds.